 Dungeon Crawl Stone Soup version 0.27-a0-1302-g7736ffe575 (webtiles) character file.

Game seed: 9717794258637334980

81545 Kinoniko the Fencer (level 15, 150/150 HPs)
             Began as a Minotaur Monk on June 18, 2021.
             Was the Champion of Okawaru.
             Quit the game on level 4 of the Lair of Beasts on June 20, 2021.
             The game lasted 00:34:15 (27476 turns).

Kinoniko the Fencer (Minotaur Monk)                Turns: 27476, Time: 00:34:16

Health: 150/150    AC: 33    Str: 37    XL:     15   Next: 27%
Magic:  6/6        EV: 13    Int: 13    God:    Okawaru [******]
Gold:   1710       SH:  0    Dex: 18    Spells: 14/14 levels left

rFire    + + .     SeeInvis +   j - +4 great sword of Upnerph {antimagic, rElec Str+7}
rCold    . . .     Faith    .   (shield currently unavailable)
rNeg     + + .     Spirit   +   R - +9 plate armour of Filth {rElec Str+3}
rPois    +         Reflect  .   G - -2 hat of the Alchemist {rElec rPois rF+ rC+ rN+ Will+ rMut rCorr}
rElec    +         Harm     .   U - +2 cloak of the Thief {*Fog Slay-2 SInv Stlth+}
rCorr    +         Rampage  .   (no gloves)
rMut     +                      I - +4 pair of boots of Misoovua {rPois rC- rCorr Int+6}
Will     ++...                  E - amulet of Zoiwnoes {Spirit rF+ rN+ rCorr Dex+4}
Stlth    ..........             f - +4 ring of protection
HPRegen  0.35/turn              T - +6 ring of strength
MPRegen  0.10/turn

@: no status effects
A: horns 2, retaliatory headbutt
a: Renounce Religion, Heroism, Finesse


You were on level 4 of the Lair of Beasts.
You worshipped Okawaru.
Okawaru was exalted by your worship.
You visited 4 branches of the dungeon, and saw 23 of its levels.
You also visited: Bailey.

You collected 2370 gold pieces.
You spent 660 gold pieces at shops.

Inventory:

Hand Weapons
 d - the +10 long sword of Xediorph {speed, rC+ Stlth+}
   (You took it off a goblin on level 4 of the Dungeon)

   Attacks with this weapon are significantly faster.
   It protects you from cold.
   It makes you more stealthy.
 j - the +4 great sword of Upnerph (weapon) {antimagic, rElec Str+7}
   (Okawaru gifted it to you on level 3 of the Lair of Beasts)

   It reduces the magical energy of the wielder, and disrupts the spells and
   magical abilities of those hit.
   Natural abilities and divine invocations are not affected.
   It affects your strength (+7).
   It insulates you from electricity.
Missiles
 a - 7 javelins
 r - 3 boomerangs of dispersal (quivered)
 s - 5 curare-tipped darts
 F - 7 silver javelins
Armour
 l - a +0 cloak
 q - a +2 ring mail of poison resistance
 G - the -2 hat of the Alchemist (worn) {rElec rPois rF+ rC+ rN+ Will+ rMut rCorr}
   (You bought it in a shop on level 10 of the Dungeon)

   It protects you from fire.
   It protects you from cold.
   It insulates you from electricity.
   It protects you from poison.
   It protects you from negative energy.
   It protects you from acid and corrosion.
   It protects you from mutation.
   It increases your willpower.
 I - the +4 pair of boots of Misoovua (worn) {rPois rC- rCorr Int+6}
   (Okawaru gifted it to you on level 1 of the Lair of Beasts)

   It affects your intelligence (+6).
   It makes you vulnerable to cold.
   It protects you from poison.
   It protects you from acid and corrosion.
 P - a +1 kite shield of reflection
 R - the +9 plate armour of Filth (worn) {rElec Str+3}
   (You took it off a tengu warrior on level 12 of the Dungeon)

   It affects your strength (+3).
   It insulates you from electricity.
 S - the +1 chain mail of Puemeam {-Cast Str+4 Dex+4}
   (You found it on level 11 of the Dungeon)

   It affects your strength (+4).
   It affects your dexterity (+4).
   It prevents spellcasting.
 U - the +2 cloak of the Thief (worn) {*Fog Slay-2 SInv Stlth+}
   (You found it in a bailey)

   It affects your accuracy and damage with ranged weapons and melee attacks
   (-2).
   It lets you see invisible.
   It makes you more stealthy.
 V - a +3 crystal plate armour
Jewellery
 f - a +4 ring of protection (left hand)
 i - a ring of fire
 A - an amulet of magic regeneration
 E - the amulet of Zoiwnoes (around neck) {Spirit rF+ rN+ rCorr Dex+4}
   (You found it on level 9 of the Dungeon)

   [amulet of guardian spirit]

   It causes incoming damage to be divided between your reserves of health and
   magic.
   It affects your dexterity (+4).
   It protects you from fire.
   It protects you from negative energy.
   It protects you from acid and corrosion.
 K - a ring of fire
 N - an amulet of the acrobat
 T - a +6 ring of strength (right hand)
Wands
 t - a wand of paralysis (8)
 v - a wand of mindburst (8)
 C - a wand of acid (5)
 L - a wand of polymorph (2)
 M - a wand of iceblast (13)
Scrolls
 b - 2 scrolls of immolation
 c - 7 scrolls of fog
 e - a scroll of holy word
 g - 8 scrolls of teleportation
 y - 2 scrolls of amnesia
 z - 6 scrolls of magic mapping
 Q - a scroll of enchant weapon
Potions
 h - 3 potions of flight
 k - 2 potions of might
 n - 4 potions of mutation
 o - 3 potions of attraction
 p - 5 potions of haste
 u - 3 potions of cancellation
 w - 3 potions of lignification
 x - 3 potions of brilliance
 B - 8 potions of curing
 D - a potion of resistance
 H - 2 potions of ambrosia
 O - 2 potions of heal wounds
Miscellaneous
 m - a tin of tremorstones (2/2)


   Skills:
 * Level 18.3 Fighting
 - Level 19.4 Long Blades
 - Level 8.8 Axes
 + Level 8.3 Armour
 + Level 8.4 Dodging
 - Level 1.5 Stealth
 - Level 8.0 Shields
 - Level 7.1 Invocations
 - Level 5.3 Evocations


You had 14 spell levels left.
You didn't know any spells.
Your spell library contained the following spells:

 Spells                   Type           Power      Damage    Failure   Level
 Animate Skeleton         Necr           0%         N/A       86%         1
 Corona                   Hex            0%         N/A       86%         1
 Freeze                   Ice            0%         1d3       86%         1
 Pain                     Necr           0%         1d4       86%         1
 Ensorcelled Hibernation  Hex/Ice        0%         N/A       95%         2
 Confusing Touch          Hex            0%         N/A       99%         3
 Dazzling Flash           Conj/Hex       0%         N/A       99%         3
 Frozen Ramparts          Ice            0%         1d2       99%         3
 Gell's Gravitas          Tloc           0%         N/A       99%         3
 Ozocubu's Armour         Ice            0%         N/A       99%         3
 Tukima's Dance           Hex            0%         N/A       99%         3
 Vampiric Draining        Necr           0%         2d6       99%         3
 Animate Dead             Necr           0%         N/A       100%        4
 Hailstorm                Conj/Ice       0%         3d3       100%        4
 Petrify                  Tmut/Erth      0%         N/A       100%        4
 Agony                    Necr           0%         N/A       100%        5
 Bolt of Magma            Conj/Fire/Erth 0%         4d4       100%        5
 Iskenderun's Battlesphe  Conj           0%         2d6       100%        5
 Metabolic Englaciation   Hex/Ice        0%         N/A       100%        5
 Yara's Violent Unravell  Hex/Tmut       0%         3d3       100%        5
 Iron Shot                Conj/Erth      0%         9d1       100%        6
 Orb of Destruction       Conj           0%         N/A       100%        7
 Spellforged Servitor     Conj/Summ      0%         N/A       100%        7


Dungeon Overview and Level Annotations

Branches:
Dungeon (14/15) Temple (0/1) D:5 Lair (6/6) D:9 Shoals (0/4) Lair:4 Spider (1/4) Lair:4 Slime (0/5) Lair:5 Orc (2/2) D:12 Elf (0/3) Orc:2 Vaults (0/5) D:13 D:14 Bailey (visited)

Altars:
Makhleb
Okawaru
Trog
The Shining One
Beogh

Shops:
D:5 !   D:9 (   D:10 [   Orc:2 ((:*[

Portals:
Hell: Lair:6

Annotations:
Orc:2 2 transporters, Leszczynek's ghost, journeyman HuBe


Innate Abilities, Weirdness & Mutations

You have a pair of horns on your head.
You reflexively headbutt those who attack you in melee.


Message History

You slash the redback! Your headbutt misses the redback.
The redback is moderately wounded.
The redback bites you but does no damage.
The redback barely misses you.
You barely miss the redback. Your headbutt misses the redback.
The redback is moderately wounded.
The redback misses you.
You slash the redback!
The redback is severely wounded.
The redback bites you but does no damage.
The redback bites you but does no damage.
You see here a demonic crawler corpse.
You barely miss the redback.
The redback is severely wounded.
The redback bites you but does no damage. x2
The redback closely misses you. x2
You bump into the rock wall.
The redback barely misses you.
You feel less confused. The redback misses you. You furiously retaliate!
You headbutt the redback, but do no damage.
The redback barely misses you. You furiously retaliate!
You headbutt the redback.
The redback bites you but does no damage.
You slice the redback!!
You kill the redback!
Okawaru accepts your kill.
You see here a demonic crawler corpse.
There is a hole to the Spider Nest, spattered with blood here.
You see here a redback corpse.
You start resting.
HP restored.
You start waiting.
Done waiting.
There is a hole to the Spider Nest, spattered with blood here.
Okay, then.
Okay, then.
Welcome back, Kinoniko the Minotaur Monk.
Okawaru says: Bring me glory in combat!
Press ? for a list of commands and other information.
Are you sure you want to abandon this character and quit the game? (Confirm with "yes".)

##...# ####...## ##.#[..#
##..#### #......P# ##..#...#
##......#####.......#
###>....###
.....#........###...###...)..##
.............###..####.....###
............[..^##^.......##
#.####.#.##..#..^#...#....# ###
#####.^##..####.#...##
##.^^^^@..^#....#
###########.^###.#.....###
..#....#..#..##^..###^##
............#..#^^#^.##
..............##....##
..............###.###
.#####.##.#.#.# ### ##
##########


There were no monsters in sight!

Vanquished Creatures
  An orc warlord (Orc:2)
  Nessos (D:14)
  A dire elephant (Lair:6)
  Snorg (D:12)
  3 boulder beetles
  6 hydras
  2 centaur warriors
  An ice dragon (D:12)
  A catoblepas (Lair:5)
  6 two-headed ogres
  2 death yaks (Lair:2)
  An orc high priest (Orc:2)
  2 tengu warriors
  Sonja (Lair:3)
  A sixfirhy (Lair:6)
  6 skeletal warriors
  6 orc knights
  A wizard (Lair:6)
  A deep elf pyromancer (D:12)
  A necromancer (D:12)
  An oklob plant (Lair:1)
  A wolf spider (Lair:4)
  4 orc sorcerers
  2 cyclopes
  7 elephants
  A merfolk siren (Lair:4)
  12 ugly things
  15 cane toads
  8 black mambas
  2 orange demons (Lair:6)
  2 gargoyles (D:11)
  A torpor snail (Lair:2)
  2 rime drakes
  An ice devil (Lair:6)
  Psyche (D:9)
  A demonic crawler (Lair:4)
  An unseen horror (shapeshifter) (D:14)
  3 kobold demonologists
  8 komodo dragons
  An efreet (D:13)
  2 red devils (Lair:6)
  A hellwing (Lair:6)
  5 trolls
  6 meliai
  2 polar bears
  14 blink frogs
  A spriggan (shapeshifter) (D:13)
  7 redbacks
  2 wraiths
  42 yaks
  A vampire (D:13)
  5 wyverns
  3 tarantellas
  A human (shapeshifter) (D:14)
  3 basilisks
  A yak (shapeshifter) (D:12)
  16 humans (D:14)
  8 vampire mosquitoes
  2 steam dragons
  4 wargs
  5 hell hounds (Lair:6)
  18 water moccasins
  An ice beast (D:5)
  A sky beast (D:6)
  28 orc warriors
  5 black bears
  A boggart (D:12)
  10 wolves
  3 ogres
  15 centaurs
  2 phantoms
  3 kobold brigands
  11 bullfrogs
  2 scorpions
  A wyvern skeleton (D:6)
  4 wights (D:9)
  2 electric eels
  A vampire bat (Lair:2)
  7 howler monkeys
  2 hounds
  3 centaur zombies
  A jelly (D:7)
  15 orc priests
  Crazy Yiuf (D:4)
  A bullfrog skeleton (D:7)
  2 iguanas
  Ijyb (D:3)
  22 orc wizards
  2 hound skeletons (D:4)
  2 howler monkey zombies (D:9)
  3 gnolls (D:4)
  6 adders
  4 dart slugs
  70 orcs
  5 endoplasms
  3 giant cockroaches (D:1)
  9 goblins
  9 hobgoblins
  4 quokkas
  9 ball pythons
  15 bats
  3 frilled lizards (D:1)
  21 kobolds
  2 rats (D:1)
580 creatures vanquished.

Vanquished Creatures (others)
  2 bushes
  40 fungi
  47 plants
89 creatures vanquished.

Grand Total: 669 creatures vanquished

Notes
Turn   | Place    | Note
-------+----------+-------------------------------------------
     0 | D:1      | Kinoniko the Minotaur Monk began the quest for the Orb.
     0 | D:1      | Reached XP level 1. HP: 19/19 MP: 0/0
   185 | D:1      | Reached XP level 2. HP: 26/26 MP: 1/1
   369 | D:1      | HP: 1/26 [hobgoblin (3)]
   922 | D:1      | Reached skill level 5 in Axes
  1097 | D:1      | Reached XP level 3. HP: 28/31 MP: 2/2
  1512 | D:2      | Found a faded altar of an unknown god.
  1518 | D:2      | Noticed a phantom
  1531 | D:2      | Killed a phantom
  1532 | D:2      | Reached XP level 4. HP: 15/39 MP: 3/3
  1543 | D:2      | Noticed a scorpion
  1696 | D:2      | Killed a scorpion
  1697 | D:2      | Reached XP level 5. HP: 34/45 MP: 4/4
  1922 | D:2      | Found an iron altar of Okawaru.
  2230 | D:2      | Became a worshipper of Warmaster Okawaru
  2230 | D:2      | Reached * piety under Okawaru
  2230 | D:2      | Reached ** piety under Okawaru
  2285 | D:3      | Noticed a centaur
  2297 | D:3      | Killed a centaur
  2298 | D:3      | Reached XP level 6. HP: 43/51 MP: 5/5
  2787 | D:3      | Noticed Ijyb
  2814 | D:3      | Killed Ijyb
  3095 | D:4      | Identified the +10 long sword of Xediorph {speed, rC+
                  | Stlth+}
  3107 | D:5      | Entered Level 5 of the Dungeon
  3114 | D:5      | Found Juki's Distillery.
  3467 | D:4      | Reached skill level 1 in Long Blades
  3648 | D:4      | Found a runed translucent door.
  3649 | D:4      | Noticed Crazy Yiuf
  3655 | D:4      | Killed Crazy Yiuf
  3656 | D:4      | Reached skill level 2 in Long Blades
  3832 | D:4      | Found a glowing golden altar of the Shining One.
  4045 | D:5      | Reached skill level 4 in Long Blades
  4045 | D:5      | Reached XP level 7. HP: 48/57 MP: 6/6
  4139 | D:5      | Found a staircase to the Ecumenical Temple.
  4151 | D:5      | Reached skill level 5 in Long Blades
  4159 | D:5      | Reached *** piety under Okawaru
  4160 | D:5      | Reached skill level 6 in Long Blades
  4457 | D:5      | Reached skill level 7 in Long Blades
  4628 | D:5      | Reached XP level 8. HP: 64/64 MP: 7/7
  4632 | D:5      | Reached skill level 8 in Long Blades
  4854 | D:6      | Reached skill level 9 in Long Blades
  5040 | D:6      | Reached **** piety under Okawaru
  5041 | D:6      | Reached skill level 10 in Long Blades
  5644 | D:7      | Reached skill level 11 in Long Blades
  5781 | D:7      | Reached XP level 9. HP: 64/70 MP: 8/8
  5832 | D:7      | Reached ***** piety under Okawaru
  6222 | D:8      | Reached skill level 12 in Long Blades
  6401 | D:8      | Identified a scroll of acquirement
  6402 | D:8      | Acquired a manual of Long Blades
  7249 | D:8      | Reached skill level 13 in Long Blades
  7443 | D:8      | Reached skill level 14 in Long Blades
  7449 | D:8      | Reached skill level 15 in Long Blades
  7460 | D:8      | Reached skill level 16 in Long Blades
  7602 | D:9      | Reached XP level 10. HP: 38/77 MP: 7/9
  7780 | D:9      | Found Geav's Weapon Shoppe.
  7820 | D:9      | Found a staircase to the Lair.
  7838 | D:9      | Reached skill level 17 in Long Blades
  8148 | D:9      | Reached skill level 5 in Fighting
  8507 | D:9      | Identified the amulet of Zoiwnoes {Spirit rF+ rN+ rCorr
                  | Dex+4}
  8608 | D:9      | Noticed Psyche
  8613 | D:9      | Killed Psyche
  9219 | D:10     | Entered Level 10 of the Dungeon
  9347 | D:10     | Noticed a skeletal warrior
  9429 | Lair:1   | Entered Level 1 of the Lair of Beasts
  9557 | Lair:1   | Reached skill level 18 in Long Blades
  9561 | Lair:1   | Identified the +4 pair of boots of Misoovua {rPois rC-
                  | rCorr Int+6} (Okawaru gifted it to you on level 1 of the
                  | Lair of Beasts)
  9561 | Lair:1   | Received a gift from Okawaru
  9900 | Lair:1   | Noticed an oklob plant
  9917 | Lair:1   | Killed an oklob plant
 10226 | Lair:2   | Noticed a black mamba
 10239 | Lair:2   | Killed a black mamba
 10240 | Lair:2   | Reached XP level 11. HP: 78/95 MP: 7/10
 10498 | Lair:2   | Noticed a death yak
 10498 | Lair:2   | Noticed a death yak
 10515 | Lair:2   | Killed a death yak
 10516 | Lair:2   | Reached skill level 1 in Armour
 10516 | Lair:2   | Reached skill level 1 in Shields
 10525 | Lair:2   | Killed a death yak
 10526 | Lair:2   | Reached skill level 10 in Fighting
 11007 | Lair:2   | Reached ****** piety under Okawaru
 11337 | Lair:3   | Noticed Sonja
 11350 | Lair:3   | Killed Sonja
 11353 | Lair:3   | Identified the +4 great sword of Upnerph {antimagic, rElec
                  | Str+7} (Okawaru gifted it to you on level 3 of the Lair of
                  | Beasts)
 11353 | Lair:3   | Received a gift from Okawaru
 11557 | Lair:3   | Noticed a five-headed hydra
 11569 | Lair:3   | Killed a nine-headed hydra
 11570 | Lair:3   | Reached skill level 5 in Dodging
 12365 | Lair:4   | Reached XP level 12. HP: 87/110 MP: 8/11
 12371 | Lair:4   | Reached skill level 1 in Invocations
 12746 | Lair:4   | Identified the +7 flail "Killer Klown's Foe" {vorpal, rF+}
 12911 | Lair:4   | You fall into a shaft and drop 2 floors!
 12911 | Lair:6   | Entered Level 6 of the Lair of Beasts
 12982 | Lair:5   | Reached skill level 5 in Invocations
 12989 | Lair:5   | Received a gift from Okawaru
 13264 | Lair:4   | You fall into a shaft and drop 2 floors!
 13512 | Lair:5   | Found a staircase to the Slime Pits.
 13568 | Lair:4   | Found a staircase to the Shoals.
 14006 | Lair:4   | Found a hole to the Spider Nest.
 14274 | Lair:5   | Noticed an eight-headed hydra
 14288 | Lair:5   | Killed a 14-headed hydra
 14833 | Lair:5   | Noticed a catoblepas
 14870 | Lair:5   | Killed a catoblepas
 14871 | Lair:5   | Reached XP level 13. HP: 32/124 MP: 5/17
 15417 | Lair:5   | Reached skill level 5 in Shields
 15421 | Lair:5   | Reached skill level 5 in Armour
 16279 | Lair:6   | Received a gift from Okawaru
 16337 | Lair:6   | Noticed a dire elephant
 16354 | Lair:6   | Killed a dire elephant
 16614 | Lair:6   | Found a burning altar of Makhleb.
 16626 | Lair:6   | Reached skill level 1 in Evocations
 16632 | Lair:6   | Reached skill level 15 in Fighting
 16792 | Lair:6   | Found a gateway to Hell.
 18195 | D:10     | Found Jaadghoxo's Armour Shop.
 18231 | D:10     | Bought the -2 hat of the Alchemist {rElec rPois rF+ rC+ rN+
                  | Will+ rMut rCorr} for 660 gold pieces
 18231 | D:10     | Found the -2 hat of the Alchemist {rElec rPois rF+ rC+ rN+
                  | Will+ rMut rCorr}
 19043 | D:11     | Received a gift from Okawaru
 19280 | D:11     | Reached skill level 5 in Evocations
 19548 | D:11     | Identified the +1 chain mail of Puemeam {-Cast Str+4 Dex+4}
 19892 | D:12     | Reached XP level 14. HP: 98/137 MP: 4/18
 20069 | D:12     | Found a flagged portal.
 20155 | Bailey   | Entered a bailey
 20696 | Bailey   | Found the +2 cloak of the Thief {*Fog Slay-2 SInv Stlth+}
 20879 | D:12     | Found a staircase to the Orcish Mines.
 21228 | D:12     | Identified the +9 plate armour of Filth {rElec Str+3}
 21264 | D:12     | Reached skill level 19 in Long Blades
 21359 | D:12     | Noticed Snorg
 21370 | D:12     | Killed Snorg
 21370 | D:12     | Received a gift from Okawaru
 22942 | Orc:1    | Entered Level 1 of the Orcish Mines
 23318 | Orc:2    | Entered Level 2 of the Orcish Mines
 23641 | Orc:2    | Noticed an orc warlord
 23664 | Orc:2    | Killed an orc warlord
 23812 | Orc:2    | Found Huphoi's Book Shop.
 23831 | Orc:2    | Found Bingevimn's General Store.
 23880 | Orc:2    | Found Utreocs's Antique Weapon Shop.
 23892 | Orc:2    | Found Xomiorphu's Antique Armour Shop.
 23994 | Orc:2    | Found a bloodstained altar of Trog.
 23995 | Orc:2    | Noticed Leszczynek's ghost (journeyman HuBe)
 24000 | Orc:2    | Found a transporter.
 24003 | Orc:2    | Found a transporter.
 24275 | Orc:2    | Found a staircase to the Elven Halls.
 24373 | Orc:2    | Found Gobiff's Antique Weapon Boutique.
 25456 | D:14     | Found a gate to the Vaults.
 25456 | D:14     | Noticed Nessos
 25466 | D:14     | Received a gift from Okawaru
 25486 | D:14     | Killed Nessos
 25870 | D:13     | Reached XP level 15. HP: 125/149 MP: 6/19
 26555 | D:14     | Found an iron altar of Okawaru.
 27091 | Spider:1 | Entered Level 1 of the Spider Nest
 27476 | Lair:4   | Quit the game

Illustrated notes

Levels and vault maps discovered:
D:1:      roderic_chinese_lattice_arrival, layout_rooms
D:2:      layout_basic, ebering_ecumenical_altar_sacrificial, basic_altar
D:3:      layout_basic, minmay_bisected, uniq_ijyb
D:4:      layout_cave_pools, tso_oasis_becter, uniq_crazy_yiuf_cottage
D:5:      black_bear_nest_2, layout_rooms, minmay_temple_entry_butterflies,
          serial_shops, shop
D:6:      layout_loops_ring, skrybe_limestone_x, corexii_checkpoint_b
D:7:      layout_gridville
D:8:      layout_cave_pods
D:9:      layout_layer_cave, erik_lair_orcish_takeover, serial_shops, shop,
          uniq_psyche
D:10:     layout_basic, serial_shops, nicolae_shop_crystal
D:11:     layout_rooms, serial_co_window_serial, co_window_corner_a,
          co_window_corner_a, co_window_of_opportunity_a, co_window_cross_1,
          co_window_of_opportunity_a, co_window_of_opportunity_a,
          co_window_broadway_c, co_window_broadway_a, co_window_unsneaky_path_d,
          co_window_corner_b, co_window_broadway_a, co_window_2corner,
          co_window_of_opportunity_b, co_window_4corner_a, glass_columns_a
D:12:     layout_rooms, orc_0_dummy, enter_bailey_5,
          minmay_checkered_concentric_circles, uniq_snorg
D:13:     layout_basic
D:14:     layout_loops_ring, david_vaults_3, okawaru_ov_weapons_minmay,
          grunt_decor_arrowhead, st_stairs_3
Lair:1:   layout_roguey, minmay_lair_oklob_chamber
Lair:2:   layout_roguey, roderic_batcave, grunt_megastairs_2, lemuel_fruit_tree,
          infiniplex_staircase_pool_2
Lair:3:   layout_cellular_growth, uniq_sonja
Lair:4:   layout_concentric_octagons, minmay_shoals_entry_lonely_mermaid,
          spider_nest_entry_rubble, st_stairs_7
Lair:5:   layout_loops_ring, slime_dummy, serial_bayou_shore_a,
          grunt_megastairs_5
Lair:6:   evil_forest, layout_cellular_growth, portal_ice_cave_entry_pillars_1,
          st_stairs_7, fungi_pond_lemuel
Spider:1: layout_spider_delve, uniq_azrael
Orc:1:    layout_caves
Orc:2:    grunt_orc_cross, layout_caves, gammafunk_ghost_wrathful_warriors,
          serial_shops, shop

Skill      XL: |  1  2  3  4  5  6  7  8  9 10 11 12 13 14 15 |
---------------+----------------------------------------------+-----
Axes           | 4 5 6 7 8 |  8.8
Long Blades    | 4 7 11 16 18 19 | 19.4
Fighting       | 8 11 14 16 17 18 | 18.3
Armour         | 4 6 7 8 |  8.3
Shields        | 4 6 7 8 |  8.0
Dodging        | 5 6 7 8 |  8.4
Invocations    | 7 |  7.1
Evocations     | 5 |  5.3
Stealth        | |  1.5

Action                   |  1- 3 |  4- 6 |  7- 9 | 10-12 | 13-15 || total
-------------------------+-------+-------+-------+-------+-------++-------
Melee: Hand axe          |    90 |    14 |       |       |       ||   104
       Headbutt          |     9 |    16 |    34 |   130 |   242 ||   431
       War axe           |       |    61 |       |       |       ||    61
       Long sword        |       |    21 |   200 |   495 |   211 ||   927
       Great sword       |       |       |       |       |   551 ||   551
Throw: Boomerang         |       |       |       |     1 |       ||     1
Invok: Heroism           |       |     1 |     2 |     6 |     9 ||    18
       Finesse           |       |       |       |     2 |     3 ||     5
Evoke: Wand              |       |       |       |    12 |    10 ||    22
  Use: Potion            |     3 |     2 |       |       |     3 ||     8
       Scroll            |       |     7 |     4 |     6 |    12 ||    29
 Stab: Sleeping          |     5 |     1 |     4 |     8 |     4 ||    22
       Paralysed         |       |       |       |     2 |       ||     2
       Petrified         |       |       |       |     5 |       ||     5
       Petrifying        |       |       |       |     1 |       ||     1
Armor: Robe              |    22 |     3 |       |       |       ||    25
       Scale mail        |       |    24 |       |       |       ||    24
       Ring mail         |       |    39 |    74 |   157 |    68 ||   338
       Chain mail        |       |       |       |       |    49 ||    49
       Plate armour      |       |       |       |       |   355 ||   355
       Crystal plate arm |       |       |       |       |    53 ||    53
Dodge: Dodged            |    47 |    37 |    39 |   172 |   546 ||   841
Block: Kite shield       |    12 |    59 |    63 |   230 |    85 ||   449
       Rpst.: Long sword |       |     2 |    10 |    43 |    17 ||    72
       Great sword       |       |       |       |       |    89 ||    89

Table legend: (Time is in decaauts)
 A = Elapsed time spent in this place.
 B = Non-inter-level travel time spent in this place.
 C = Inter-level travel time spent in this place.
 D = Time resting spent in this place.
 E = Time spent auto-exploring this place.
 F = Levels seen in this place.
 G = Mean time per level.
                   A        B        C        D        E       F      G
               +--------+--------+--------+--------+--------+-----+--------+
         Total |  27139 |  25254 |   1885 |   6039 |  15737 |  24 | 1130.8 |
       Dungeon |  15510 |  14532 |    978 |   2806 |   9928 |  14 | 1107.9 |
          Lair |   8698 |   7906 |    792 |   2331 |   4579 |   6 | 1449.7 |
   Spider Nest |     10 |     10 |      0 |      0 |      0 |   1 |   10.0 |
  Orcish Mines |   2302 |   2187 |    115 |    657 |   1198 |   2 | 1151.0 |
        Bailey |    618 |    618 |      0 |    245 |     31 |   1 |  618.0 |
               +--------+--------+--------+--------+--------+-----+--------+

Top non-repeatable levels by time:
  Lair:6: 1901 daAuts
  Lair:5: 1890 daAuts
     D:9: 1753 daAuts
  Lair:4: 1640 daAuts
    D:13: 1537 daAuts
    D:12: 1527 daAuts
   Orc:2: 1434 daAuts
     D:8: 1344 daAuts
     D:1: 1207 daAuts
  Lair:3: 1188 daAuts
    D:10: 1156 daAuts
  Lair:2: 1130 daAuts
     D:2: 1067 daAuts
     D:3: 1017 daAuts
    D:11: 1001 daAuts
